 Dungeon Crawl Stone Soup version 0.25.1-2-g60ff931df9 (webtiles) character file.

Game seed: 5943969254786334374

22281 Ijustatesigmund the Cleaver (level 12, -34/90 HPs)
             Began as an Octopode Fighter on Sept 14, 2020.
             Was the Champion of Cheibriados.
             Killed from afar by Jorgrun (44 damage)
             ... with a blast of rock fragments
             ... on level 12 of the Dungeon.
             The game lasted 00:32:34 (12392 turns).

Ijustatesigmund the Cleaver (Octopode Fighter)     Turns: 12392, Time: 00:32:34

Health: -34/90     AC:  1    Str: 32    XL:     12   Next: 98%
Magic:  29/29      EV: 23    Int: 25    God:    Cheibriados [******]
Gold:   1365       SH: 22    Dex: 30    Spells: 11/11 levels left

rFire    . . .     SeeInvis .   a - +0 war axe (venom)
rCold    . . .     Gourm    .   b - +3 kite shield
rNeg     . . .     Faith    .   (helmet restricted)
rPois    .         Spirit   .   e - amulet of reflection
rElec    .         Reflect  +   (no ring)
rCorr    +         Harm     .   s - +4 ring of evasion
MR       +....                  r - ring of resist corrosion
Stlth    +++++.....             u - ring of magical power
HPRegen  0.25/turn              D - ring of protection from magic
MPRegen  0.21/turn              (no ring)
                                (no ring)
                                (no ring)

@: very slow
A: almost no armour, stealthy swim, amphibious, 8 rings, constrict 8, camouflage
1, gelatinous body 1
a: Bend Time, Temporal Distortion, Slouch, Step From Time, Renounce Religion


You were on level 12 of the Dungeon.
You worshipped Cheibriados.
Cheibriados was exalted by your worship.
You were not hungry.

You visited 2 branches of the dungeon, and saw 13 of its levels.
You also visited: Bailey.

You collected 1365 gold pieces.

Inventory:

Hand Weapons
 a - a +0 war axe of venom (weapon)
 m - a +0 hand axe of electrocution
 p - a +4 vorpal flail
Missiles
 B - 2 curare-tipped darts (quivered)
Armour
 b - a +3 kite shield (worn)
Jewellery
 e - an amulet of reflection (around mantle)
 r - a ring of resist corrosion (on tentacle)
 s - a +4 ring of evasion (right tentacle)
 u - a ring of magical power (on tentacle)
 z - an uncursed ring of magical power
 D - a ring of protection from magic (on tentacle)
Wands
 c - a wand of digging (7)
 o - a wand of flame (7)
 x - a wand of enslavement (1)
Scrolls
 f - a scroll of amnesia
 q - 3 scrolls of blinking
 v - 6 scrolls of remove curse
 y - 2 scrolls of identify
 A - 5 scrolls of immolation
 C - a scroll of enchant armour
Potions
 g - 2 potions of flight
 h - 6 potions of curing
 i - 3 potions of might
 j - 2 potions of brilliance
 k - a potion of resistance
 l - 2 potions of stabbing
 t - 2 potions of cancellation
 w - a potion of heal wounds
Comestibles
 d - 19 rations
 n - 11 chunks of flesh


   Skills:
 - Level 11.2 Fighting
 - Level 11.3 Axes
 + Level 6.8 Dodging
 + Level 4.1 Stealth
 + Level 6.8 Shields
 + Level 11.1 Invocations
 + Level 3.1 Evocations


You had 11 spell levels left.
You didn't know any spells.
Your spell library contained the following spells:

 Spells                   Type           Power        Failure   Level  Hunger
 Corona                   Hex            #......      36%         1    ##.....
 Foxfire                  Conj/Fire      #...         36%         1    ##.....
 Ensorcelled Hibernation  Hex/Ice        #.....       50%         2    ###....
 Confusing Touch          Hex            #.......     75%         3    ####...
 Dazzling Flash           Conj/Hex       #.....       75%         3    ####...
 Tukima's Dance           Hex            #.......     75%         3    ####...


Dungeon Overview and Level Annotations

Branches:
Dungeon (12/15)            Temple (1/1) D:5            Lair (0/6) D:8
    Orc (0/2) D:10         Bailey (visited)

Altars:
Ashenzari
Cheibriados
Dithmenos
Elyvilon
Fedhas
Hepliaklqana
Kikubaaqudgha
Makhleb
Qazlal
Sif Muna
Trog
Vehumet
Wu Jian
Xom
Yredelemnul
The Shining One

Annotations:
D:3 1 runed translucent door, nyroko's ghost, amateur DECj
D:5 2 transporters
D:10 exclusion: obsidian statue
D:12 Jorgrun


Innate Abilities, Weirdness & Mutations

You cannot wear most types of armour.
You are very stealthy in the water. (Stealth+)
You are amphibious.
You can wear up to eight rings at the same time.
You can use your tentacles to constrict eight enemies at once.
Your skin changes colour to match your surroundings (Stealth+).
Your rubbery body absorbs attacks. (AC +1, EV +1)


Message History

The rime drake bites you.
Your surroundings suddenly seem different.
The ice encasing you melts away.
You turn to flesh and can move again.
Jorgrun casts a spell at you.
Roots burst forth from the earth!
The grasping roots grab you!
* * * LOW HITPOINT WARNING * * *
The grasping roots constrict you!
The roots' grasp on you weakens, but your attempt to escape fails.
* * * LOW HITPOINT WARNING * * *
The grasping roots constrict you!
You escape the roots' grasp.
You hear the steady crackling of a distant melting archway.
Okay, then.
As you read the scroll of fog, it crumbles to dust.
The scroll dissolves into smoke.
Jorgrun casts a spell at you.
The wall shatters!
The blast of rock fragments hits you!!!
You die...

.(...#.................
.....#.....(........
.............##....#
...................
.#...............#
##..........§....##
#..........§§§....#
#.......g.§§§§§..#
#.........§§§g.@#
##.........#§§#.#
#.........#######
##........# ##.##.#.##
#. ##### #


You could see Jorgrun (strong).

Vanquished Creatures
  An orc knight (Bailey)
  2 ugly things
  A manticore (D:11)
  3 trolls
  A hornet (D:11)
  3 hippogriffs
  11 yaks
  Grum (D:11)
  3 hungry ghosts
  Edmund (D:6)
  A water moccasin (D:9)
  17 orc warriors
  4 porcupines (D:8)
  An eye of draining (D:11)
  3 sky beasts
  3 black bears
  3 ice beasts
  2 phantoms
  22 centaurs
  3 ogres
  2 wolves (D:11)
  5 crocodiles
  3 big kobolds
  10 bullfrogs
  A water moccasin zombie (D:10)
  2 wyvern skeletons
  6 scorpions
  5 howler monkeys
  13 crimson imps
  A bullfrog zombie (D:4)
  5 jellies
  3 centaur zombies
  5 orc priests
  5 hounds
  11 orc wizards
  2 bullfrog skeletons
  8 iguanas
  Ijyb (D:4)
  11 worker ants
  A killer bee zombie (D:8)
  A howler monkey zombie (D:10)
  A worker ant zombie (D:3)
  4 gnolls (D:10)
  13 adders
  6 shadow imps
  3 white imps (D:9)
  5 oozes (D:8)
  2 adder zombies (D:3)
  4 worms
  2 dart slugs
  8 leopard geckos
  91 orcs
  8 bats
  8 giant cockroaches
  16 goblins
  12 hobgoblins
  20 jackals
  25 kobolds
  8 quokkas
  5 frilled lizards
  A giant cockroach zombie (D:3)
  3 jackal skeletons
  2 leopard gecko skeletons (D:3)
  A quokka skeleton (D:4)
  3 quokka zombies
  8 rats
446 creatures vanquished.

Vanquished Creatures (collateral kills)
  A yak (D:8)
  A worker ant (D:8)
2 creatures vanquished.

Vanquished Creatures (others)
  A yak (D:10)
  A shadow imp (D:8)
  2 orcs
  A kobold (D:11)
  A bush (D:8)
  5 fungi (D:8)
  10 plants (D:8)
21 creatures vanquished.

Grand Total: 469 creatures vanquished

Notes
Turn   | Place    | Note
-------+----------+-------------------------------------------
     0 | D:1      | Ijustatesigmund the Octopode Fighter began the quest for
                  | the Orb.
     0 | D:1      | Reached XP level 1. HP: 16/16 MP: 1/1
   159 | D:1      | Reached XP level 2. HP: 21/21 MP: 2/2
   317 | D:1      | Reached XP level 3. HP: 23/26 MP: 3/3
   915 | D:2      | Reached XP level 4. HP: 32/32 MP: 4/4
  1219 | D:2      | Noticed a centaur
  1228 | D:2      | Killed a centaur
  1228 | D:2      | Reached XP level 5. HP: 22/37 MP: 5/5
  1962 | D:3      | Reached skill level 5 in Axes
  1962 | D:3      | Reached XP level 6. HP: 37/44 MP: 6/6
  2226 | D:3      | Found a runed translucent door.
  2230 | D:3      | Noticed nyroko's ghost (amateur DECj)
  2650 | D:3      | Found a glowing golden altar of the Shining One.
  3006 | D:4      | Reached XP level 7. HP: 34/49 MP: 7/7
  3159 | D:4      | Noticed Ijyb
  3207 | D:5      | Entered Level 5 of the Dungeon
  3212 | D:5      | Reached skill level 5 in Fighting
  3531 | D:5      | Found a transporter.
  3904 | D:5      | Found an ancient bone altar of Kikubaaqudgha.
  3959 | D:5      | Found a burning altar of Makhleb.
  3990 | D:5      | Found a transporter.
  3991 | D:5      | Noticed a fire bat
  3992 | D:5      | Noticed a fire bat
  4058 | D:5      | Found a staircase to the Ecumenical Temple.
  4062 | Temple   | Entered the Ecumenical Temple
  4155 | Temple   | Became a worshipper of Cheibriados the Contemplative
  4363 | D:4      | Found an ornate altar of the Wu Jian Council.
  4573 | D:4      | Reached skill level 1 in Invocations
  4573 | D:4      | Reached XP level 8. HP: 56/56 MP: 8/8
  4638 | D:4      | Killed Ijyb
  4802 | D:4      | Found a stormy altar of Qazlal.
  4802 | D:4      | Found a radiant altar of Vehumet.
  4878 | D:4      | Reached * piety under Cheibriados
  5537 | D:6      | Reached skill level 5 in Dodging
  5537 | D:6      | Reached skill level 5 in Shields
  5995 | D:6      | Reached XP level 9. HP: 63/63 MP: 11/11
  6024 | D:6      | Reached ** piety under Cheibriados
  6085 | D:6      | Found a shimmering blue altar of Sif Muna.
  6147 | D:6      | Identified Sif Muna's Papyrus of Damage Dealing
  6278 | D:6      | Noticed Edmund
  6285 | D:6      | Killed Edmund
  6981 | D:8      | Reached *** piety under Cheibriados
  6987 | D:8      | Reached skill level 5 in Invocations
  7060 | D:8      | Found a shadowy altar of Dithmenos.
  7060 | D:8      | Noticed a cyan ugly thing
  7068 | D:8      | Reached XP level 10. HP: 35/71 MP: 14/14
  7405 | D:8      | Reached **** piety under Cheibriados
  7594 | D:8      | Found a snail-covered altar of Cheibriados.
  7688 | D:8      | Found a staircase to the Lair.
  7730 | D:8      | Reached ***** piety under Cheibriados
  7799 | D:8      | Killed a cyan ugly thing
  8151 | D:9      | Reached XP level 11. HP: 80/80 MP: 17/17
  8655 | D:9      | Found a basalt altar of Yredelemnul.
  8985 | D:10     | Entered Level 10 of the Dungeon
  9028 | D:10     | Found a flagged portal.
  9044 | Bailey   | Entered a bailey
  9127 | Bailey   | Reached skill level 10 in Axes
  9129 | Bailey   | Reached ****** piety under Cheibriados
  9339 | Bailey   | Reached skill level 10 in Fighting
  9339 | Bailey   | Reached skill level 10 in Invocations
  9339 | Bailey   | Reached XP level 12. HP: 89/89 MP: 19/19
  9577 | D:10     | Noticed a soul eater
 10277 | D:10     | Found a staircase to the Orcish Mines.
 10739 | D:11     | Noticed Grum
 10749 | D:11     | Killed Grum
 10943 | D:11     | Reached skill level 1 in Stealth
 10943 | D:11     | Reached skill level 1 in Evocations
 12151 | D:12     | Noticed Jorgrun
 12392 | D:12     | Killed from afar by Jorgrun

Illustrated notes

Levels and vault maps discovered:
D:1:      noname_arrival_rooms_in_the_neighbourhood, layout_rooms,
          minmay_tetromino_i4
D:2:      layout_basic
D:3:      minmay_angry_zag, layout_basic, nicolae_tso_carved_into_rock,
          ebering_ghost_inner_flame, serial_undead, serial_undead_e,
          serial_undead_b, serial_undead_b, serial_undead_f, serial_undead_d,
          serial_undead_c, serial_undead_e
D:4:      layout_layer_cave, old_standard_altar, gammafunk_temple_overflow_wave,
          corexii_mini_fake_secret_closet, uniq_ijyb
D:5:      gammafunk_cloud_chamber, layout_cave_pools, lemuel_doored_altar,
          kennysheep_little_box, minmay_temple_entry_glassed_door, first_ration
D:6:      lemuel_upstairs_altar, layout_loops_ring, led_sif_book, uniq_edmund
D:7:      layout_rooms
D:8:      layout_rooms, minmay_lair_entry_grove, hangedman_feature_mirror,
          hangedman_little_slice_of_home, grunt_ministairs_1
D:9:      layout_stronghold, nicolae_overflow_hidden_temple, minmay_nine_imps
D:10:     minmay_statue_hallways, layout_basic, david_orc_2,
          lightli_bailey_entry_fortress
D:11:     layout_stronghold, minmay_misc_feat_four_crosses, uniq_grum
D:12:     minmay_expanding_circles, layout_cave_pools, portal_ice_cave_rime,
          serial_shops, nicolae_shop_trees, uniq_maurice, uniq_jorgrun,
          uniq_snorg
Temple:   minmay_temple_curvy_branch

Skill      XL: |  1  2  3  4  5  6  7  8  9 10 11 12 |
---------------+-------------------------------------+-----
Axes           | 3 4 5 6 7 9 11 | 11.3
Fighting       | 4 5 6 7 9 10 11 | 11.2
Dodging        | 4 5 6 |  6.8
Shields        | 4 5 6 |  6.8
Invocations    | 1 3 5 8 10 11 | 11.1
Stealth        | 4 |  4.1
Evocations     | 3 |  3.1

Action                   |  1- 3 |  4- 6 |  7- 9 | 10-12 || total
-------------------------+-------+-------+-------+-------++-------
Melee: War axe           |    51 |   127 |    44 |    91 ||   313
       Constrict         |    21 |    39 |    66 |    73 ||   199
       Tentacles         |    13 |    28 |    65 |   158 ||   264
       Hand axe          |       |       |   230 |   283 ||   513
       Unarmed           |       |       |     6 |       ||     6
Throw: Dart              |       |       |    16 |    14 ||    30
Invok: Slouch            |       |       |       |     3 ||     3
Evoke: Wand              |       |       |       |    23 ||    23
  Use: Scroll            |     5 |     3 |    18 |     8 ||    34
       Potion            |       |     2 |     3 |    10 ||    15
 Stab: Sleeping          |     2 |     3 |     9 |    12 ||    26
       Distracted        |       |     2 |       |     5 ||     7
       Confused          |       |       |       |     5 ||     5
  Eat: Chunk             |       |     7 |     6 |     5 ||    18
       Ration            |       |       |     1 |     2 ||     3
Armor: Skin              |     7 |     5 |     4 |     6 ||    22
Dodge: Dodged            |     8 |    26 |   107 |   135 ||   276
Block: Kite shield       |    30 |    89 |   205 |   397 ||   721
       Reflection        |     4 |       |    14 |    54 ||    72
       Other             |       |       |     5 |       ||     5
